Map: Lost and Found LE

Players

amacore - Winner!

  • Race: Protoss Protoss
  • League: Gold
  • Spawn Location: 1:00

VOD

Have the link to the VOD?

Description

Time

  • Played on: Aug. 2, 2018, 11:06 a.m.
  • Length: 11:47
Show
View Real Time Build Order
Export as new Build Order

amacore Protoss - Winner!

Build Orders:  

Get SALT Encoding   

  12  0:03  Probe (Chrono Boost)  
  14  0:20  Probe (Chrono Boost)  
  14  0:30  Pylon  
  14  0:43  Probe (Chrono Boost)  
  16  1:00  Probe (Chrono Boost), Gateway  
  17  1:20  Probe (Chrono Boost)  
  17  1:37  Probe (Chrono Boost)  
  18  1:44  Nexus  
  18  1:59  Probe (Chrono Boost)  
  19  2:06  Zealot  
  21  2:16  Gateway  
  21  2:25  Pylon  
  21  2:33  Probe (Chrono Boost)  
  22  2:52  Pylon  
  22  2:54  Zealot  
  22  2:59  Probe (Chrono Boost)  
  25  3:12  Gateway  
  25  3:22  Probe (Chrono Boost)  
  25  3:27  Probe (Chrono Boost), Zealot  
  29  3:35  Zealot  
  31  3:47  Probe x2 (Chrono Boost)  
  33  4:01  Gateway  
  33  4:04  Probe (Chrono Boost), Pylon  
  33  4:06  Zealot  
  37  4:11  Probe (Chrono Boost)  
  37  4:20  Zealot x2  
  37  4:28  Probe (Chrono Boost)  
  37  4:29  Probe (Chrono Boost)  
  43  4:45  Gateway  
  43  4:47  Probe x2 (Chrono Boost), Zealot  
  47  5:00  Zealot x2  
  47  5:04  Probe (Chrono Boost)  
  47  5:08  Probe (Chrono Boost)  
  47  5:09  Zealot  
  55  5:17  Gateway  
  55  5:25  Zealot  
  55  5:29  Probe x2 (Chrono Boost)  
  59  5:46  Probe (Chrono Boost)  
  60  6:13  Zealot  
  60  6:19  Nexus  
  62  6:27  Pylon  
  62  6:40  Pylon  
  62  6:52  Zealot x3  
  62  6:55  Probe x2 (Chrono Boost)  
  70  7:00  Pylon  
  70  7:02  Pylon  
  70  7:04  Pylon  
  70  7:05  Zealot x3  
  76  7:24  Zealot  
  76  7:25  Zealot x2  
  76  7:32  Zealot x2  
  82  7:43  Zealot  
  82  7:45  Gateway x2  
  88  7:54  Zealot x3  
  88  8:07  Zealot x2  
  94  8:18  Probe (Chrono Boost)  
  94  8:19  Probe x2 (Chrono Boost)  
  101  8:21  Zealot  
  103  8:32  Zealot x2  
  103  8:33  Pylon  
  103  8:35  Probe (Chrono Boost)  
  103  8:36  Probe (Chrono Boost), Pylon  
  109  9:01  Zealot x5  
  109  9:02  Zealot  
  119  9:20  Zealot  
  119  9:21  Zealot  
  124  9:32  Probe x3 (Chrono Boost)  
  124  9:39  Zealot x2  
  124  9:41  Zealot x2  
  124  9:47  Zealot  
  124  9:48  Zealot  
  124  9:49  Probe (Chrono Boost)  
  131  10:02  Zealot x2  
  125  10:17  Zealot x2  
  125  10:19  Zealot x2  
  123  10:25  Unknown, Zealot  
  123  10:26  Zealot  
  121  10:36  Gateway  
  121  10:39  Gateway  
  115  10:51  Nexus  
  115  10:57  Zealot  
  115  10:58  Zealot x5  
  125  11:03  Zealot x2  
  127  11:14  Probe x2 (Chrono Boost)  
  127  11:15  Probe (Chrono Boost)  
  130  11:37  Gateway  
  130  11:39  Gateway  
  132  11:41  Gateway  
Tags
 
Add a new tag
Caveats
  • Supply blocks, unpowered buildings, or Contaminate may cause inaccurate times.
  • Supply counts are checked every 10 seconds.